 Dungeon Crawl Stone Soup version 0.29-a0-275-g389c0b56f3 (webtiles) character file.

Game seed: 8501561690446360055

129 testman the Poker (level 5, 0/42 HPs)
             Began as a Merfolk Gladiator on Mar 11, 2022.
             Was a Believer of Nemelex Xobeh.
             Slain by Grinder (8 damage)
             ... while paralysed by Grinder
             ... on level 3 of the Dungeon.
             The game lasted 00:05:55 (2189 turns).

testman the Poker (Merfolk Gladiator)               Turns: 2189, Time: 00:05:55

Health: 0/42       AC:  8    Str: 16    XL:     5   Next: 12%
Magic:  6/6        EV:  2    Int:  8    God:    Nemelex Xobeh [**....]
Gold:   172        SH:  0    Dex: 15    Spells: 4/4 levels left

rFire   . . .      SeeInvis .   a - +0 trident
rCold   . . .      Faith    .   (no shield)
rNeg    . . .      Spirit   .   b - +0 leather armour
rPois   .          Reflect  .   c - +0 helmet
rElec   .          Harm     .   (no cloak)
rCorr   .          Rampage  .   (no gloves)
Will    .....                   (no boots)
Stlth   +.........              (no amulet)
HPRegen 0.14/turn               m - +4 ring of protection
MPRegen 0.10/turn               (no ring)

@: paralysed
A: (nimble swimmer 2), mertail
a: Renounce Religion, Draw Escape, Draw Destruction, Draw Summoning


You were on level 3 of the Dungeon.
You worshipped Nemelex Xobeh.
Nemelex Xobeh was pleased with you.
You visited 1 branch of the dungeon, and saw 3 of its levels.

You collected 172 gold pieces.

Inventory:

Hand Weapons
 a - a +0 trident (weapon)
Missiles
 d - 3 throwing nets (quivered)
 e - a javelin
 g - 158 stones
 n - 12 poisoned darts
Armour
 b - a +0 leather armour (worn)
 c - a +0 helmet (worn)
Jewellery
 m - a +4 ring of protection (left hand)
 p - a ring of see invisible
Wands
 k - a wand of flame (20)
 o - a wand of iceblast (9)
Scrolls
 h - 6 scrolls of teleportation {unknown}
 i - a scroll of identify {unknown}
Potions
 f - a potion of degeneration {unknown}
 j - a potion of attraction {unknown}
 l - a potion of brilliance {unknown}


   Skills:
 + Level 3.9 Fighting
 + Level 5.6 Polearms
 - Level 2.0 Throwing
 - Level 4.0 Dodging
 + Level 2.0 Invocations


You had 4 spell levels left.
You didn't know any spells.
Your spell library contained the following spells:

 Spells                   Type           Power      Damage    Failure   Level
 Shock                    Conj/Air       0%         1d3       47%         1
 Swiftness                Air            0%         N/A       85%         3
 Airstrike                Air            0%         N/A       99%         4
 Alistair's Intoxication  Tmut/Pois      0%         N/A       100%        5
 Borgnjor's Vile Clutch   Necr/Erth      0%         N/A       100%        5
 Eringya's Noxious Bog    Tmut/Pois      0%         N/A       100%        6


Dungeon Overview and Level Annotations

Branches:
Dungeon (3/15)

Altars:
Kikubaaqudgha
Nemelex Xobeh
Ru

Annotations:
D:3 Grinder


Innate Abilities, Weirdness & Mutations

((You are very nimble when in or above water. (Stealth+, EV+, Speed+++)))
Your lower body shifts to a powerful aquatic tail in water.


Message History

Grinder gestures at you.
You suddenly lose the ability to move!
Grinder gestures at you.
You shrug off the repeated paralysis!
Grinder hits you but does no damage. x3
Grinder hits you.
You writhe in agony.
Grinder gestures at you. You resist with significant effort.
You can move again.
You hit Grinder.
Grinder is moderately wounded.
Grinder hits you.
You writhe in agony.
Okay, then.
You draw a card...
You have drawn the Orb.
Press: ? - help, Shift-Dir - straight line, f - Grinder
Aim: Grinder (moderately wounded)
The wavering orb of destruction weakly hits Grinder!
Grinder is severely wounded.
Your orb of destruction hits a rock wall. x2
Grinder hits you but does no damage.
You hit Grinder but do no damage.
Grinder is severely wounded.
Grinder gestures at you.
You shrug off the repeated paralysis!
You barely miss Grinder.
Grinder is severely wounded.
Grinder gestures at you. Pain shoots through your body!
* * * LOW HITPOINT WARNING * * *
You draw a card...
You have drawn Velocity.
Nothing appears to happen.
Grinder closely misses you.
You draw a card...
You have drawn Wild Magic.
Grinder looks incredibly listless.
Grinder completely resists.
You feel a surge of magic. Grinder gestures at you.
You suddenly lose the ability to move!
Grinder hits you!
You die...
Your body disappears without a glow.

...#.#.##.##..... ##........#
...#.#†##.##.#####.## .......)...
.....#.##...... .... ..........#
...#.#.##..#.. ... ...........
...#.#.##..#.# ..# ###..#.....
####.#.##..#.####..##.###..#....#
.............##.#..... ..........
.....#.......##.#..# ##..##.....
.....#.##......5@†.# ........#..
.............##.#..# #..###.....
.....#.###...##.#### ...........
.......###...##.# ......)....
.....#.#........# ........##†
.......#.##..#### ...........
###..........# ...####..##
#....#.##.## .. #..## #....#.##.#
.... #..##


You could see Grinder.

Vanquished Creatures
  An orc priest (D:3)
  Ijyb (D:3)
  A gnoll (D:1)
  2 adders
  A dart slug (D:1)
  5 orcs (D:3)
  A bat (D:3)
  3 endoplasms
  2 giant cockroaches
  9 hobgoblins
  3 kobolds
  2 quokkas
  2 ball pythons
  3 frilled lizards
  3 goblins (D:1)
  2 rats (D:2)
41 creatures vanquished.

Notes
Turn   | Place    | Note
-------+----------+-------------------------------------------
     0 | D:1      | testman the Merfolk Gladiator began the quest for the Orb.
     0 | D:1      | Reached XP level 1. HP: 16/16 MP: 1/1
   163 | D:1      | Reached XP level 2. HP: 23/23 MP: 2/2
   256 | D:1      | Reached XP level 3. HP: 12/29 MP: 3/3
   476 | D:1      | Found a faded altar of an unknown god.
   485 | D:1      | Prayed at the altar of an unknown god.
   485 | D:1      | Became a worshipper of Nemelex Xobeh the Trickster
   485 | D:1      | Reached * piety under Nemelex Xobeh
  1005 | D:2      | Reached skill level 5 in Polearms
  1124 | D:2      | Found a sacrificial altar of Ru.
  1177 | D:2      | Received a gift from Nemelex Xobeh
  1602 | D:3      | Found an ancient bone altar of Kikubaaqudgha.
  1620 | D:3      | Identified the +2 hand axe of Optimality {vorpal, *Noise
                  | rN+++ Str-3 SInv}
  1671 | D:3      | Noticed Ijyb
  1683 | D:3      | Killed Ijyb
  1684 | D:3      | Reached skill level 1 in Invocations
  1684 | D:3      | Reached XP level 4. HP: 20/35 MP: 3/5
  1983 | D:3      | Reached ** piety under Nemelex Xobeh
  2043 | D:3      | Reached XP level 5. HP: 34/42 MP: 6/6
  2159 | D:3      | Noticed Grinder
  2176 | D:3      | Paralysed by Grinder for 7 turns
  2188 | D:3      | Paralysed by Grinder for 4 turns
  2189 | D:3      | Slain by Grinder

Illustrated notes

Levels and vault maps discovered:
D:1:      dpeg_arrival_three_same_balls, layout_rooms,
          shapermc_ecumenical_altar_venn
D:2:      layout_rooms, basic_altar, amcnicky_mini_corridor_feature
D:3:      layout_basic, mainiacjoe_overflow_chevrons, uniq_grinder, uniq_ijyb

Skill      XL: |  1  2  3  4  5 |
---------------+----------------+-----
Fighting       | 3 |  3.9
Polearms       | 5 |  5.6
Invocations    | 1 2 |  2.0
Throwing       | |  2.0
Dodging        | |  4.0

Action                   |  1- 3 |  4- 6 || total
-------------------------+-------+-------++-------
Melee: Trident           |    98 |    52 ||   150
       Punch             |       |     1 ||     1
Invok: Draw Destruction  |       |     2 ||     2
       Draw Escape       |       |     1 ||     1
 Stab: Sleeping          |       |     1 ||     1
       Distracted        |       |     1 ||     1
Armor: Leather armour    |    21 |     9 ||    30
Dodge: Dodged            |    37 |    27 ||    64

Table legend: (Time is in decaauts)
 A = Elapsed time spent in this place.
 B = Non-inter-level travel time spent in this place.
 C = Inter-level travel time spent in this place.
 D = Time resting spent in this place.
 E = Time spent auto-exploring this place.
 F = Levels seen in this place.
 G = Mean time per level.
                   A        B        C        D        E       F      G
               +--------+--------+--------+--------+--------+-----+--------+
         Total |   2196 |   2125 |     71 |    326 |   1459 |   3 |  732.0 |
       Dungeon |   2196 |   2125 |     71 |    326 |   1459 |   3 |  732.0 |
               +--------+--------+--------+--------+--------+-----+--------+

Top non-repeatable levels by time:
     D:1: 859 daAuts
     D:2: 698 daAuts
     D:3: 638 daAuts
